 Dungeon Crawl Stone Soup version 0.29.1-15-g9cfb28693d (webtiles) character file.

Game seed: 4545353936494533654

2907 H0rd4k the Stinger (level 9, -2/56 (61) HPs)
             Began as an Octopode Artificer on Feb 27, 2023.
             Was an Initiate of Gozag.
             Slain by a wight
             ... wielding a +3 short sword
              (8 damage)
             ... on level 8 of the Dungeon.
             The game lasted 00:12:49 (13201 turns).

H0rd4k the Stinger (Octopode Artificer)            Turns: 13201, Time: 00:12:50

HP:   -2/56 (61)    AC:  1    Str: 17    XL:     9   Next: 78%
MP:   18/19         EV: 14    Int: 17    God:    Gozag
Gold: 1680          SH:  0    Dex: 19    Spells: 19/21 levels left

rFire   . . .      SeeInvis .     - Unarmed
rCold   + . .      Faith    .   (no shield)
rNeg    . . .      Spirit   .   (helmet restricted)
rPois   +          Reflect  .   (no amulet)
rElec   .          Harm     .   w - ring of flight
rCorr   .          Rampage  .   a - ring of Finality {rPois Dex+6}
Will    .....                   h - ring of protection from cold
Stlth   +++.......              i - +6 ring of strength
HPRegen 0.18/turn               (no ring)
MPRegen 0.16/turn               (no ring)
                                (no ring)
                                (no ring)

@: gold aura, flying, drained
A: almost no armour, amphibious, 8 rings, camouflage 1, gelatinous body 1,
(nimble swimmer 1), tentacles
a: Renounce Religion, Potion Petition, Call Merchant, Bribe Branch


You were on level 8 of the Dungeon.
You worshipped Gozag.
Gozag was most pleased with you.
You visited 1 branch of the dungeon, and saw 8 of its levels.

You collected 1768 gold pieces.
You paid 88 gold pieces to Gozag.

Inventory:

Hand Weapons
 j - a +5 longbow of venom
Missiles
 t - 14 poisoned darts
Magical Staves
 r - a staff of air
Jewellery
 a - the ring of Finality (right tentacle) {rPois Dex+6}
   (You acquired it on level 7 of the Dungeon)

   [ring of dexterity]

   Dex:       It affects your dexterity (+6).
   rPois:     It protects you from poison.
 h - a ring of protection from cold (on tentacle)
 i - a +6 ring of strength (on tentacle)
 w - a ring of flight (left tentacle)
Wands
 c - a wand of charming (6)
 H - a wand of mindburst (12)
 I - a wand of roots (5)
Scrolls
 d - a scroll of identify
 f - 3 scrolls of blinking
 g - 2 scrolls of amnesia
 n - 4 scrolls of enchant armour
 x - a scroll of poison {unknown}
 y - a scroll of silence {unknown}
 A - 2 scrolls of magic mapping
 B - a scroll of summoning
 C - a scroll of butterflies {unknown}
 D - 3 scrolls of fear
 F - 2 scrolls of immolation
Potions
 e - 8 potions of curing
 k - 2 potions of haste
 l - 3 potions of ambrosia
 p - a potion of brilliance {unknown}
 s - 2 potions of lignification
 v - 2 potions of berserk rage
 z - a potion of mutation {unknown}
 E - 3 potions of flight
 G - 2 potions of cancellation
 J - a potion of might


   Skills:
 * Level 5.4 Fighting
 - Level 2.3 Dodging
 - Level 1.3 Stealth
 + Level 5.4 Unarmed Combat
 * Level 6.6 Spellcasting
 + Level 3.8 Air Magic
 * Level 7.5 Poison Magic
 - Level 3.2 Evocations


You had 19 spell levels left.
You knew the following spells:

 Your Spells              Type           Power      Damage    Failure   Level
a - Poisonous Vapours     Pois/Air       48%        N/A       1%          2

Your spell library contained the following spells:

 Spells                   Type           Power      Damage    Failure   Level
 Shock                    Conj/Air       48%        1d6       5%          1
 Spider Form              Tmut/Pois      18%        N/A       8%          3
 Swiftness                Air            18%        N/A       8%          3
 Static Discharge         Conj/Air       12%        3-5/arc   9%          2
 Foxfire                  Conj/Fire      20%        2x1d5     12%         1
 Ensorcelled Hibernation  Hex/Ice        10%        N/A       19%         2
 Airstrike                Air            9%         2d(2-18)  24%         4
 Conjure Flame            Conj/Fire      5%         6-21      34%         3
 Inner Flame              Hex/Fire       5%         N/A       34%         3
 Anguish                  Hex/Necr       2%         N/A       75%         4
 Dispel Undead            Necr           5%         3d7       75%         4
 Flame Wave               Conj/Fire      5%         2d5       75%         4
 Sticky Flame             Conj/Fire      5%         2d3       75%         4
 Lightning Bolt           Conj/Air       6%         1d18      83%         5
 Maxwell's Capacitive Co  Air            9%         ∞         100%        8
 Corpse Rot               Necr/Pois/Air  Unusable   N/A       N/A         4

Dungeon Overview and Level Annotations

Branches:
Dungeon (8/15)             Temple (0/1) D:7
   Lair: D:8-11

Altars:
Ashenzari
Dithmenos
Elyvilon
Fedhas
Gozag
Makhleb
Qazlal
Trog
Vehumet
Wu Jian
Yredelemnul

Annotations:
D:3 exclusion: downstairs
D:6 exclusion: downstairs
D:7 1 runed translucent door, exclusions: door and downstairs, Anriel's ghost, novice DEHu
D:8 3 runed translucent doors, duruk's ghost, journeyman DjTm


Innate Abilities, Weirdness & Mutations

You cannot wear most types of armour.
You are amphibious.
You can wear up to eight rings at the same time.
Your skin changes colour to match your surroundings (Stealth+).
Your rubbery body absorbs attacks. (AC +1, EV +1)
((You are camouflaged when in or above water. (Stealth+)))
You have tentacles for arms and can constrict up to eight enemies at once.


Message History

The wight is no longer distracted by gold.
The wight hits you with a +3 short sword.
Items here: $ )) [[.
You tentacle-slap the wight but do no damage.
You grab the wight.
You constrict the wight, but do no damage.
The wight closely misses you.
You tentacle-slap the wight. You squeeze the wight.
The wight is heavily damaged.
You constrict the wight.
The wight hits you with a +3 short sword!
You feel drained.
You release your grip on the wight.
The wight attacks as you move away!
The wight hits you with a +3 short sword!
* * * LOW HITPOINT WARNING * * *
You feel drained.
You closely miss the wight. You grab the wight. You constrict the wight.
The wight barely misses you.
You tentacle-slap the wight.
You tentacle-slap the wight, but do no damage.
You squeeze the wight, but do no damage.
The wight is moderately damaged.
You constrict the wight. The wight barely misses you.
You tentacle-slap the wight.
The wight is severely damaged.
You constrict the wight. The wight hits you with a +0 hand axe.
* * * LOW HITPOINT WARNING * * *
You feel drained.
You tentacle-slap the wight.
You destroy the wight!
You closely miss the wight. Your grab misses the wight.
Your squeeze misses the wight.
The wight is heavily damaged.
The wight hits you with a +3 short sword!
* * * LOW HITPOINT WARNING * * *
You barely miss the wight. Your grab misses the wight.
The wight is heavily damaged.
The wight hits you with a +3 short sword!
You die...
Your body crumbles into a pile of gold.

#.≈.≈._)≈.≈.#....#########
#.≈.≈...≈.≈.#.#...........
#.§.≈≈≈≈..≈.#.#....z.z....
#.§.......≈...###....#....
#.≈.≈§≈≈≈§≈.### #.#...##..
#...§§§.....# ##.#.#.# .
#.##.#.#..### #..#.#.#
#......##z# ##.##.# #
######.##@# #..# .# #.##.#
#.## #.##.#####.#
##.#..#.....#
#.........### #..)......#
####.........#
##............#
##.............#


You could see a wight.

Vanquished Creatures
  A wyvern (D:7)
  3 yaks
  2 water moccasins
  An orc warrior (D:6)
  2 ice beasts
  3 sky beasts
  An ogre (D:4)
  2 centaurs
  2 phantoms
  A kobold brigand (D:8)
  2 necrophages
  4 scorpions
  3 wights (D:8)
  8 hounds
  A jelly (D:6)
  An orc priest (D:6)
  2 iguanas (D:4)
  An orc wizard (D:7)
  6 gnolls
  5 adders
  A shadow imp (D:6)
  A white imp (D:6)
  An ufetubus (D:7)
  A worm (D:5)
  3 dart slugs
  18 orcs
  9 endoplasms
  3 giant cockroaches
  8 goblins
  10 hobgoblins
  12 kobolds
  2 quokkas
  10 ball pythons
  7 bats
  2 frilled lizards (D:2)
  A rat (D:1)
140 creatures vanquished.

Vanquished Creatures (collateral kills)
  A dart slug (D:2)
  A ball python (D:3)
  A bat (D:2)
3 creatures vanquished.

Vanquished Creatures (others)
  2 fungi (D:5)
  5 plants (D:5)
7 creatures vanquished.

Grand Total: 150 creatures vanquished

Notes
Turn   | Place    | Note
-------+----------+-------------------------------------------
     0 | D:1      | H0rd4k the Octopode Artificer began the quest for the Orb.
     0 | D:1      | Reached XP level 1. HP: 13/13 MP: 1/1
   253 | D:1      | Reached XP level 2. HP: 12/18 MP: 1/3
   372 | D:1      | Reached skill level 1 in Spellcasting
   787 | D:1      | Reached XP level 3. HP: 24/24 MP: 4/4
  1318 | D:2      | Noticed an eye of devastation
  1321 | D:2      | Noticed a great orb of eyes
  1323 | D:2      | Found a faded altar of an unknown god.
  1326 | D:2      | Noticed a shining eye
  1337 | D:2      | Noticed a floating eye
  1350 | D:2      | Reached skill level 1 in Unarmed Combat
  2575 | D:2      | Reached XP level 4. HP: 14/30 MP: 6/6
  2919 | D:2      | Identified the +5 plate armour of the Saviour {rElec rC+
                  | Int+3}
  2993 | D:2      | Learned a level 2 spell: Poisonous Vapours
  3470 | D:3      | Noticed a phantom
  3792 | D:3      | Found a bloodstained altar of Trog.
  3836 | D:3      | Found a broken altar of Ashenzari.
  3836 | D:3      | Found a radiant altar of Vehumet.
  3900 | D:3      | Killed a phantom
  3901 | D:3      | Reached skill level 1 in Poison Magic
  3901 | D:3      | Reached XP level 5. HP: 24/35 MP: 6/8
  4798 | D:4      | Noticed an ogre
  4803 | D:4      | Killed an ogre
  4804 | D:4      | Reached XP level 6. HP: 42/42 MP: 9/9
  4825 | D:3      | Reached skill level 2 in Poison Magic
  4984 | D:4      | HP: 1/42 [gnoll/+0 halberd (2)]
  5898 | D:4      | Found an ornate altar of the Wu Jian Council.
  5939 | D:4      | Reached XP level 7. HP: 45/46 MP: 6/11
  5991 | D:5      | Entered Level 5 of the Dungeon
  6322 | D:5      | Found a blossoming altar of Fedhas.
  6348 | D:5      | Found a large runed translucent door.
  6349 | D:5      | Found a large runed translucent door.
  6404 | D:5      | Found a basalt altar of Yredelemnul.
  6414 | D:4      | Reached skill level 3 in Poison Magic
  6542 | D:5      | Found a burning altar of Makhleb.
  7307 | D:5      | Reached skill level 1 in Air Magic
  7493 | D:5      | Found a shadowy altar of Dithmenos.
  7496 | D:5      | Found a white marble altar of Elyvilon.
  7744 | D:6      | Reached skill level 4 in Poison Magic
  7744 | D:6      | Reached XP level 8. HP: 54/54 MP: 8/13
  8646 | D:6      | Reached skill level 5 in Unarmed Combat
  8783 | D:6      | Found an opulent altar of Gozag.
  8962 | D:6      | Became a worshipper of Gozag Ym Sagoz the Greedy
  9365 | D:6      | Reached skill level 5 in Poison Magic
  9703 | D:7      | Found a staircase to the Ecumenical Temple.
  9768 | D:7      | Noticed a wyvern
  9778 | D:7      | Killed a wyvern
 10209 | D:7      | Reached skill level 5 in Spellcasting
 10512 | D:7      | Found a runed translucent door.
 10514 | D:7      | Noticed Anriel's ghost (novice DEHu)
 10629 | D:7      | Reached XP level 9. HP: 48/59 MP: 6/16
 10771 | D:7      | Reached skill level 6 in Poison Magic
 11013 | D:7      | HP: 3/60 [centaur (6)]
 11504 | D:7      | Identified 2 scrolls of acquirement
 11504 | D:7      | Acquired 1125 gold pieces
 11505 | D:7      | Acquired the ring of Finality {rPois Dex+6}
 11642 | D:7      | Reached skill level 5 in Fighting
 12470 | D:7      | Reached skill level 7 in Poison Magic
 12778 | D:8      | Found a runed translucent gate.
 12778 | D:8      | Found a runed translucent gate.
 12778 | D:8      | Found a runed translucent gate.
 12779 | D:8      | Noticed a brown ugly thing
 12781 | D:8      | Noticed duruk's ghost (journeyman DjTm)
 12787 | D:8      | Noticed a boulder beetle
 12792 | D:8      | Found a stormy altar of Qazlal.
 13201 | D:8      | Slain by a wight

Illustrated notes

Levels and vault maps discovered:
D:1:      reono_arrival_forest_river, layout_loops_ring, minivault_5
D:2:      layout_loops_cross, hellmonk_ecumenical_altar_watching_god
D:3:      layout_basic, trog_book, gammafunk_temple_overflow_pools
D:4:      layout_rooms, nzn_wu_jian_contemplation, serial_glass,
          glass_columns_a, glass_columns_c, glass_columns_c
D:5:      layout_basic, kennysheep_mini_moat, fedhas_altar_3,
          mainiacjoe_overflow_boulevard, jmf_multi_god_temple2,
          small_statue_intersection
D:6:      layout_loops_corners, mainiacjoe_overflow_small_starburst
D:7:      layout_basic, temple_statues, ebering_ghost_reflecting_pool
D:8:      layout_rooms, mainiacjoe_overflow_concentric_impassable,
          gammafunk_ghost_split, st_stairs_13

Skill      XL: |  1  2  3  4  5  6  7  8  9 |
---------------+----------------------------+-----
Spellcasting   | 1 2 3 5 6 |  6.6
Fighting       | 2 3 4 5 |  5.4
Unarmed Combat | 1 2 3 4 5 |  5.4
Poison Magic   | 1 2 4 5 7 |  7.5
Air Magic      | 1 2 3 |  3.8
Dodging        | |  2.3
Stealth        | |  1.3
Evocations     | |  3.2

Action                   |  1- 3 |  4- 6 |  7- 9 || total
-------------------------+-------+-------+-------++-------
Melee: Unarmed           |   113 |    96 |   132 ||   341
       Constrict         |    27 |    28 |    24 ||    79
       Tentacles         |    24 |    25 |    36 ||    85
       Punch             |     1 |       |     3 ||     4
 Cast: Poisonous Vapours |       |     2 |   146 ||   148
Evoke: Wand              |     1 |    24 |    27 ||    52
  Use: Potion            |     1 |       |     1 ||     2
       Scroll            |       |       |    24 ||    24
 Stab: Sleeping          |     9 |     5 |     1 ||    15
Armor: Skin              |    19 |    11 |     2 ||    32
Dodge: Dodged            |    63 |    61 |   112 ||   236
